 Dungeon Sprint DCSS version 0.19.1 (webtiles) character file.

4231 equalderp2856 the Ripper (level 10, -9/49 HPs)
             Began as a Felid Fighter on Dec 20, 2016.
             Was a High Priest of Fedhas.
             Mangled by an orc knight
             ... wielding a +1 great mace
              (35 damage)
             ... in the Dungeon (Sprint IX: "|||||||||||||||||||||||||||||").
             The game lasted 00:06:53 (3447 turns).

equalderp2856 the Ripper (Felid Fighter)            Turns: 3447, Time: 00:06:54

Health: -9/49      AC:  2    Str: 16    XL:     10   Next: 9%
Magic:  11/11      EV: 32    Int: 12    God:    Fedhas [*****.]
Gold:   1200       SH:  0    Dex: 16    Spells: 0 memorised, 9 levels left
                                        Lives:  0   Deaths: 2

rFire  . . .     SeeInvis +       - Unarmed
rCold  . . .     Gourm    .     (armour unavailable)
rNeg   . . .     Faith    .     (shield unavailable)
rPois  .         Spirit   .     (helmet unavailable)
rElec  .         Reflect  .     (cloak unavailable)
rCorr  .         Harm     .     (gloves unavailable)
MR     +....     NoTele   +     (boots unavailable)
Stlth  ++++++....               (no amulet)
                                n - +2 ring of evasion
                                m - +3 ring of strength

@: quick
A: no armour, no weapons or thrown items, stealth, claws 1, fangs 3, see
invisible, carnivore 3, speed 1, shaggy fur 2, slow metabolism 1, sharp paws
a: Fungal Bloom, Evolution, Sunlight, Growth, Reproduction, Rain, Renounce
Religion


You were in the Dungeon.
You worshipped Fedhas.
Fedhas was extremely pleased with you.
You were not hungry.

You visited 1 branch You collected 1200 gold pieces.

Inventory:

Jewellery
 m - a +3 ring of strength (left paw)
 n - a +2 ring of evasion (right paw)
Wands
 l - a wand of iceblast (7/15)
Scrolls
 h - 2 scrolls of blinking
 j - 4 scrolls of remove curse
 k - 2 scrolls of amnesia
 o - a scroll of magic mapping
 p - 2 scrolls of fear
Potions
 a - a potion of might
 c - a potion of invisibility
 d - a potion of resistance
 e - 3 potions of haste
 f - 4 potions of magic
 g - a potion of berserk rage
 i - 4 potions of curing
Comestibles
 b - 13 meat rations
 r - a beef jerky
 s - 43 fruits


   Skills:
 + Level 9.0 Fighting
 + Level 14.5 Dodging
 + Level 13.5 Stealth
 + Level 20.4 Unarmed Combat


You had 9 spell levels left.
You didn't know any spells.

Dungeon Overview and Level Annotations

Branches:
Dungeon (1/1)

Altars:
Cheibriados
Dithmenos
Elyvilon
Fedhas
Gozag
Hepliaklqana
Kikubaaqudgha
Makhleb
Nemelex Xobeh
Okawaru
Qazlal
Ru
Sif Muna
Trog
Uskayaw
Vehumet
Xom
Yredelemnul
Zin
The Shining One
Beogh
Jiyva
Lugonu

Shops:
D (


Innate Abilities, Weirdness & Mutations

You cannot wear armour.
You are incapable of wielding weapons or throwing items.
Your paws allow you to move quietly. (Stealth)
You have sharp claws.
You have razor-sharp teeth.
You have supernaturally acute eyesight. (SInv)
You are carnivorous and can eat meat at any time.
You cover ground quickly.
You are covered in thick fur. (AC +2)
You have a slow metabolism.
Your sharp claws are effective at attacking unaware monsters.


Message History

a battleaxe; a plate armour You see here a flail.
You see here 2 bolts.
The orc knight shouts!
The orc knight roars a battlecry!
The orc knight hits you with an enchanted great mace!!
You see here a bolt.
You claw the orc knight!
The orc knight is moderately wounded.
You mangle the orc knight!!
The orc knight is heavily wounded.
The orc knight misses you.
You scratch the orc knight but do no damage.
The orc knight is heavily wounded.
You mangle the orc knight!!
The orc knight is almost dead.
The orc knight hits you with an enchanted great mace!!
Ouch! That really hurt!
You die...
Fedhas appreciates your contribution to the ecosystem.

▓.▓.▓"▓.▓'▓
▓.▓.▓)▓)▓)▓
▓.▓.▓.▓.▓)▓
▓'▓.▓.▓.▓)▓
▓_▓.▓?▓.▓(▓
▓_▓.▓.▓.▓.▓
▓_▓.▓.▓.▓.▓
▓_▓.▓?▓.▓.▓
▓_▓.▓'▓.▓@▓
▓_▓.▓.▓.▓o▓
▓_▓.▓.▓.▓.▓
▓_▓.▓.▓.▓)▓
▓_▓.▓.▓.▓)▓
▓_▓.▓.▓)▓)▓
▓_▓.▓.▓)▓)▓
▓_▓.▓.▓)▓)▓
▓_▓.▓.▓.▓.▓


You could see an orc knight.

Vanquished Creatures
  A centaur warrior (D)
  A hill giant (D)
  6 orc knights (D)
  A black mamba (D)
  A gargoyle (D)
  A komodo dragon (D)
  A rime drake (D)
  6 polar bears (D)
  A dream sheep (D)
  A hippogriff (D)
  A yak (D)
  4 water moccasins (D)
  3 black bears (D)
  12 orc warriors (D)
  An ogre (D)
  A centaur (D)
  7 crocodiles (D)
  2 bullfrogs (D)
  2 crimson imps (D)
  2 hounds (D)
  An orc priest (D)
  An orc wizard (D)
  3 shadow imps (D)
  2 dart slugs (D)
  7 orcs (D)
  A bat (D)
  A bat skeleton (D)
  A bat zombie (D)
  A giant cockroach (D)
  A kobold (D)
74 creatures vanquished.

Vanquished Creatures (others)
  A thorn hunter (D)
1 creature vanquished.

Grand Total: 75 creatures vanquished

Notes
Turn   | Place    | Note
-------+----------+-------------------------------------------
     0 | D        | equalderp2856 the Felid Fighter began the quest for the Orb.
     0 | D        | Reached XP level 1. HP: 10/10 MP: 2/2
    18 | D        | Reached skill level 5 in Unarmed Combat
    22 | D        | Reached XP level 2. HP: 12/14 MP: 3/3
    41 | D        | Reached skill level 5 in Dodging
    41 | D        | Reached skill level 6 in Unarmed Combat
    41 | D        | Reached XP level 3. HP: 7/18 MP: 4/4
    49 | D        | Reached skill level 7 in Unarmed Combat
    53 | D        | Reached XP level 4. HP: 2/22 MP: 5/5
    54 | D        | HP: 1/22 [shadow imp (1)]
   352 | D        | Found a roughly hewn altar of Beogh.
   352 | D        | Found a snail-covered altar of Cheibriados.
   352 | D        | Found a shadowy altar of Dithmenos.
   352 | D        | Found a white marble altar of Elyvilon.
   352 | D        | Found a blossoming altar of Fedhas.
   352 | D        | Found an opulent altar of Gozag.
   353 | D        | Found a hazy altar of Hepliaklqana.
   354 | D        | Found a viscous altar of Jiyva.
   355 | D        | Found an ancient bone altar of Kikubaaqudgha.
   356 | D        | Found a corrupted altar of Lugonu.
   357 | D        | Found a burning altar of Makhleb.
   358 | D        | Found a sparkling altar of Nemelex Xobeh.
   359 | D        | Found an iron altar of Okawaru.
   360 | D        | Found a stormy altar of Qazlal.
   361 | D        | Found a sacrificial altar of Ru.
   362 | D        | Found a deep blue altar of Sif Muna.
   363 | D        | Found a bloodstained altar of Trog.
   364 | D        | Found a hide-covered altar of Uskayaw.
   365 | D        | Found a radiant altar of Vehumet.
   366 | D        | Found a shimmering altar of Xom.
   367 | D        | Found a basalt altar of Yredelemnul.
   381 | D        | Became a worshipper of Fedhas Madash
   391 | D        | Found a glowing silver altar of Zin.
   392 | D        | Found a glowing golden altar of the Shining One.
   419 | D        | Noticed a centaur
   419 | D        | Noticed a gargoyle
   419 | D        | Noticed an orc warrior
   419 | D        | Noticed an ogre
   422 | D        | Reached skill level 8 in Unarmed Combat
   425 | D        | Killed a centaur
   425 | D        | Reached skill level 5 in Fighting
   425 | D        | Reached skill level 1 in Stealth
   425 | D        | Reached skill level 9 in Unarmed Combat
   425 | D        | Reached XP level 5. HP: 10/26 MP: 6/6
   430 | D        | Reached skill level 10 in Unarmed Combat
   437 | D        | Killed a gargoyle
   437 | D        | Reached skill level 12 in Unarmed Combat
   437 | D        | Gained mutation: You are covered in thick fur. (AC +2) [Felid growth]
   437 | D        | Reached XP level 6. HP: 31/31 MP: 7/7
   437 | D        | Reached XP level 7. HP: 35/35 MP: 8/8
   444 | D        | Reached skill level 10 in Dodging
   447 | D        | Reached skill level 13 in Unarmed Combat
   631 | D        | Noticed a hill giant
   631 | D        | Noticed a hippogriff
   631 | D        | Noticed a centaur warrior
   877 | D        | Killed a hill giant
   877 | D        | Reached skill level 14 in Unarmed Combat
   877 | D        | Reached XP level 8. HP: 40/40 MP: 9/9
   882 | D        | Killed a hippogriff
   882 | D        | Reached skill level 5 in Stealth
   994 | D        | Killed a centaur warrior
   994 | D        | Reached skill level 15 in Unarmed Combat
   994 | D        | Reached XP level 9. HP: 35/44 MP: 10/10
  1094 | D        | Reached * piety under Fedhas
  1135 | D        | Noticed a komodo dragon
  1153 | D        | Reached skill level 16 in Unarmed Combat
  1162 | D        | Killed a komodo dragon
  1166 | D        | Killed a thorn hunter
  1180 | D        | Noticed a rime drake
  1212 | D        | Killed a rime drake
  1212 | D        | Reached skill level 17 in Unarmed Combat
  1242 | D        | Reached ** piety under Fedhas
  1403 | D        | Reached *** piety under Fedhas
  1422 | D        | Noticed a black mamba
  1426 | D        | Killed a black mamba
  1474 | D        | Reached skill level 10 in Stealth
  1878 | D        | Reached XP level 10. HP: 48/49 MP: 11/11
  1924 | D        | Reached skill level 18 in Unarmed Combat
  2122 | D        | Noticed an orc knight
  2166 | D        | Reached **** piety under Fedhas
  2350 | D        | Killed an orc knight
  2350 | D        | Reached skill level 19 in Unarmed Combat
  2583 | D        | Reached ***** piety under Fedhas
  2704 | D        | Noticed an orc knight
  2704 | D        | Noticed an orc knight
  2704 | D        | Noticed an orc knight
  2706 | D        | Noticed an orc knight
  2712 | D        | Mangled by an orc knight
  2713 | D        | Reached XP level 9. HP: -8/45 MP: 10/10
  2767 | D        | Killed an orc knight
  2870 | D        | Mangled by an orc knight
  2871 | D        | Reached XP level 8. HP: -10/42 MP: 9/9
  3013 | D        | Killed an orc knight
  3013 | D        | Reached XP level 9. HP: 45/45 MP: 10/10
  3019 | D        | Killed an orc knight
  3131 | D        | Killed an orc knight
  3131 | D        | Reached skill level 20 in Unarmed Combat
  3333 | D        | Found Zook's Weapon Emporium.
  3333 | D        | Noticed an orc knight
  3333 | D        | Noticed an orc knight
  3333 | D        | Noticed an orc high priest
  3333 | D        | Noticed an orc knight
  3333 | D        | Noticed an orc high priest
  3334 | D        | Noticed an orc high priest
  3337 | D        | Noticed a sun demon
  3385 | D        | Killed an orc knight
  3385 | D        | Reached XP level 10. HP: 43/49 MP: 11/11
  3447 | D        | Mangled by an orc knight

Skill      XL: |  1  2  3  4  5  6  7  8  9 10 |
---------------+-------------------------------+-----
Unarmed Combat | 5 6 7 9 12 14 15 20 19 | 20.4
Fighting       | 4 5 6 7 8 9 |  9.0
Dodging        | 5 6 7 9 11 12 13 14 | 14.5
Stealth        | 1 2 4 6 13 12 | 13.5

Action                   |  1- 3 |  4- 6 |  7- 9 | 10-12 || total
-------------------------+-------+-------+-------+-------++-------
Melee: Unarmed           |    34 |    22 |   159 |    97 ||   312
       Bite              |     5 |     6 |    20 |    12 ||    43
       Punch             |       |     3 |    18 |    12 ||    33
  Use: Potion            |     2 |     1 |     4 |       ||     7
 Stab: Distracted        |       |     1 |     4 |     2 ||     7
       Sleeping          |       |       |     3 |     2 ||     5
  Eat: Chunk             |       |       |       |    10 ||    10
Armor: Skin              |     2 |       |     1 |     1 ||     4
Dodge: Dodged            |    33 |    12 |    92 |    78 ||   215
